 Dungeon Crawl Stone Soup version 0.29.0-4-gdea44cf6ec (webtiles) character file.

Game seed: 6271487222660660500

116 qw the Chopper (level 5, 0/61 HPs)
             Began as a Barachi Chaos Knight on Sept 5, 2022.
             Succumbed to an orange demon's poison
             ... on level 4 of the Dungeon.
             The game lasted 00:01:35 (3295 turns).

qw the Chopper (Barachi Chaos Knight)               Turns: 3295, Time: 00:01:36

Health: 0/61       AC: 16    Str: 15      XL:     5   Next: 0%
Magic:  5/5        EV:  6    Int: 12      God:
Gold:   134        SH:  4    Dex: 12 (14) Spells: 4/4 levels left

rFire   . . .      SeeInvis .   Y - +0 war axe
rCold   . . .      Faith    .   i - +1 buckler {AC+3}
rNeg    . . .      Spirit   .   l - +0 chain mail
rPois   .          Reflect  .   (no helmet)
rElec   +          Harm     .   (no cloak)
rCorr   .          Rampage  .   (no gloves)
Will    .....      Rage     3%  g - +0 pair of boots
Stlth   ..........              (no amulet)
HPRegen 0.20/turn               a - ring of Takycer {rElec AC+4 Dex+2}
MPRegen 0.09/turn               (no ring)

@: berserking, lethally poisoned (0 -> -8), unable to drink, quick
A: amphibious, slowness 1, strong legs 1, +LOS, berserk 1, inability to drink
after injury 2
a: Hop


You were on level 4 of the Dungeon.
You visited 1 branch of the dungeon, and saw 4 of its levels.

You collected 134 gold pieces.


Innate Abilities, Weirdness & Mutations

You are amphibious.
You cover ground slowly.
You can hop short distances.
You have an extended range of vision and can be seen from far away.
You sometimes lose your temper in combat.
You sometimes lose the ability to drink potions when taking damage.


   Skills:
 - Level 3.6 Fighting
 + Level 5.9 Axes
 - Level 2.4 Armour
 - Level 1.1 Dodging
 - Level 1.0 Shields


You had 4 spell levels left.
You didn't know any spells.
Your spell library was empty.

Inventory:

Hand Weapons
 e - a +0 club
 Y - a +0 war axe (weapon)
Armour
 g - a +0 pair of boots (worn)
 i - a +1 buckler of protection (worn)
 l - a +0 chain mail (worn)
Jewellery
 a - the ring of Takycer (left hand) {rElec AC+4 Dex+2}
   (You acquired it on level 2 of the Dungeon)

   [ring of protection]

   AC:        It affects your AC (+4).
   Dex:       It affects your dexterity (+2).
   rElec:     It insulates you from electricity.
Scrolls
 b - 5 scrolls of identify
 d - a scroll of magic mapping {unknown}
Potions
 f - 3 potions of curing
 h - a potion of might
Miscellaneous
 c - a piece from Xom's chessboard (15/15)

Dungeon Overview and Level Annotations

Branches:
Dungeon (4/15)
 Temple: D:4-7

Altars:
Xom


Message History

You slash the ynoxinul! You slash the chaos spawn!
You hit the hellwing but do no damage.
You feel very sick.
A scorpion comes into view.
The ynoxinul hits you but does no damage.
The hellwing hits you but does no damage.
You block the hellwing's attack.
The chaos spawn hits you but does no damage.
You hit the ynoxinul.
The ynoxinul is almost dead.
You closely miss the chaos spawn. You barely miss the hellwing.
You slash the hellwing!
You feel very sick.
You closely miss the ynoxinul.
The ynoxinul is almost dead.
You hit the hellwing but do no damage. You hit the chaos spawn.
You hit the hellwing.
You feel very sick. The ynoxinul gestures at you. The iron shot hits you!
You feel threatened and lose the ability to drink potions!
The hellwing hits you but does no damage. x3
The hellwing completely misses you. The chaos spawn closely misses you.
You slash the ynoxinul!
You kill the ynoxinul!
The ynoxinul degenerates into a cloud of primal chaos!
You closely miss the chaos spawn. You hit the hellwing but do no damage.
You hit the hellwing.
You feel sick.
The hellwing hits you but does no damage. x2
The hellwing hits you.
The hellwing hits you but does no damage.
The chaos spawn barely misses you.
You slash the chaos spawn!
You kill the chaos spawn!
The chaos spawn degenerates into a cloud of primal chaos!
You barely miss the hellwing. You hit the hellwing but do no damage.
You miss the quasit.
You die...
Xom snickers!

..... ....###. ....#.
..... .... ## ... ..# #
#s# #.# #.####4# # #.#
#.##.5@#.##.#.
##.####...5ยค4........
#....(.....5###.###.#
#...>.......# #.# .##.
####...........###.###...
#.......................
#.##.<.......<........#
#.##.................<#
#.##..................##


You could see 2 hellwings, a scorpion, a quasit (summoned), a shadow imp
(summoned) and an ufetubus (summoned).

Vanquished Creatures
  3 adders (D:3)
  A worm (D:2)
  4 dart slugs
  4 bats
  10 endoplasms
  A giant cockroach (D:1)
  6 goblins
  8 hobgoblins
  3 jackals (D:2)
  3 quokkas (D:2)
  12 ball pythons
  4 frilled lizards
  9 kobolds
  4 rats
72 creatures vanquished.

Vanquished Creatures (others)
  A rat zombie (D:2)
1 creature vanquished.

Grand Total: 73 creatures vanquished

Notes
Turn   | Place    | Note
-------+----------+-------------------------------------------
     0 | D:1      | qw the Barachi Chaos Knight began the quest for the Orb.
     0 | D:1      | Reached XP level 1. HP: 18/18 MP: 1/1
     0 | D:1      | 0 ||| qw: Version: 0.1-a-104-g96f76f8
     0 | D:1      | 0 ||| qw: Game counter: 5962
     0 | D:1      | 0 ||| qw: Always use a shield: true
     0 | D:1      | 0 ||| qw: God list: Okawaru
     0 | D:1      | 0 ||| qw: Allow faded altars: false
     0 | D:1      | 0 ||| qw: Do Orc after D:15 true
     0 | D:1      | 0 ||| qw: Do second Lair branch before Depths: true
     0 | D:1      | 0 ||| qw: Lair rune preference: random
     0 | D:1      | 0 ||| qw: Plans: Normal
     0 | D:1      | 0 ||| PLANNING D:1-11
     0 | D:1      | Fell from the grace of Xom
    15 | D:1      | 15 ||| Stepping ~*~*~tactically~*~*~ (hiding).
    79 | D:1      | 79 ||| Stepping ~*~*~tactically~*~*~ (hiding).
    89 | D:1      | Reached XP level 2. HP: 20/24 MP: 2/2
   102 | D:1      | XOM: scenery: create altars
   146 | D:1      | 146 ||| Stepping ~*~*~tactically~*~*~ (stealth).
   152 | D:1      | Reached skill level 4 in Axes
   315 | D:1      | 315 ||| Stepping ~*~*~tactically~*~*~ (stealth).
   325 | D:1      | 325 ||| Stepping ~*~*~tactically~*~*~ (stealth).
   326 | D:1      | 326 ||| Stepping ~*~*~tactically~*~*~ (stealth).
   331 | D:1      | 331 ||| Stepping ~*~*~tactically~*~*~ (stealth).
   332 | D:1      | 332 ||| Stepping ~*~*~tactically~*~*~ (stealth).
   432 | D:1      | Reached XP level 3. HP: 29/29 MP: 3/3
   850 | D:1      | 850 ||| UPGRADING to +0 pair of boots.
   855 | D:1      | 855 ||| DROPPING +0 leather armour of willpower.
   856 | D:1      | 856 ||| UPGRADING to +0 scale mail.
   866 | D:1      | 866 ||| DROPPING +2 leather armour.
   867 | D:1      | 867 ||| UPGRADING to +0 chain mail.
   877 | D:1      | 877 ||| DROPPING +0 scale mail.
   878 | D:1      | 878 ||| READING scroll labelled GIUFAE ZOAGE ROI.
   879 | D:1      | 879 ||| READING scroll labelled QAUDINGANIFF.
   880 | D:1      | 880 ||| READING scroll labelled AHACAG GESH.
   883 | D:1      | 883 ||| READING scroll labelled WORANI LILUH.
   928 | D:2      | 928 ||| Stepping ~*~*~tactically~*~*~ (stealth).
   948 | D:2      | XOM: 5-stop teleportation journey
   953 | D:2      | 953 ||| Stepping ~*~*~tactically~*~*~ (hiding).
   991 | D:2      | 991 ||| Stepping ~*~*~tactically~*~*~ (stealth).
  1072 | D:2      | Reached skill level 5 in Axes
  1170 | D:2      | XOM: stat loss: -1 Dex (10/11)
  1184 | D:2      | 1184 ||| Stepping ~*~*~tactically~*~*~ (stealth).
  1185 | D:2      | 1185 ||| Stepping ~*~*~tactically~*~*~ (stealth).
  1189 | D:2      | 1189 ||| Stepping ~*~*~tactically~*~*~ (stealth).
  1251 | D:2      | 1251 ||| Stepping ~*~*~tactically~*~*~ (stealth).
  1252 | D:2      | 1252 ||| Stepping ~*~*~tactically~*~*~ (stealth).
  1336 | D:2      | 1336 ||| Stepping ~*~*~tactically~*~*~ (stealth).
  1357 | D:2      | XOM: stat loss: -3 Dex (7/11)
  1546 | D:2      | Found a faded altar of an unknown god.
  1554 | D:2      | Reached XP level 4. HP: 35/36 MP: 4/4
  1605 | D:2      | XOM: torment (19/36 hp)
  1859 | D:2      | 1859 ||| READING scroll labelled KINYQU PINATEAS.
  1859 | D:2      | Identified a scroll of acquirement
  1859 | D:2      | 1859 ||| ACQUIRING ring of Takycer {rElec AC+4 Dex+2}
  1859 | D:2      | Acquired the ring of Takycer {rElec AC+4 Dex+2}
  1861 | D:2      | 1861 ||| UPGRADING to ring of Takycer {rElec AC+4 Dex+2}.
  1862 | D:2      | 1862 ||| READING scroll labelled MUIZXEUDWO.
  1863 | D:2      | 1863 ||| DRINKING 2 bubbling cyan potions.
  1901 | D:3      | 1901 ||| READING scroll of acquirement.
  1901 | D:3      | 1901 ||| ACQUIRING +1 buckler of protection
  1901 | D:3      | Acquired a +1 buckler of protection
  1903 | D:3      | 1903 ||| UPGRADING to +1 buckler of protection.
  1971 | D:3      | XOM: give mutations
  1971 | D:3      | Gained mutation: You occasionally lose the ability to drink
                  | potions when taking damage. [Xom's mischief]
  1971 | D:3      | Gained mutation: You sometimes lose the ability to drink
                  | potions when taking damage. [Xom's mischief]
  2000 | D:3      | 2000 ||| SWAPPING to +0 war axe.
  2013 | D:3      | 2013 ||| DROPPING +0 hand axe of chaos.
  2061 | D:3      | 2061 ||| Stepping ~*~*~tactically~*~*~ (stealth).
  2062 | D:3      | 2062 ||| Stepping ~*~*~tactically~*~*~ (stealth).
  2067 | D:3      | 2067 ||| Stepping ~*~*~tactically~*~*~ (stealth).
  2116 | D:3      | 2116 ||| Stepping ~*~*~tactically~*~*~ (hiding).
  2123 | D:3      | Reached skill level 1 in Shields
  2544 | D:3      | 2544 ||| Stepping ~*~*~tactically~*~*~ (stealth).
  2641 | D:3      | 2641 ||| Stepping ~*~*~tactically~*~*~ (stealth).
  2694 | D:3      | XOM: summons 4 hostile demons
  2695 | D:3      | Noticed a red devil
  2695 | D:3      | Noticed a red devil
  2697 | D:3      | HP: 7/36 [red devil/+0 trident[Xom] (9)]
  2698 | D:3      | 2698 ||| READING scroll of teleportation.
  2699 | D:3      | HP: 1/36 [red devil/+0 trident[Xom] (4)]
  3009 | D:3      | Identified the +5 dagger of Cuenei {spect, rF+}
  3044 | D:3      | Found a shimmering altar of Xom.
  3147 | D:3      | XOM: give mutation
  3147 | D:3      | Gained mutation: You sometimes lose your temper in combat.
                  | [Xom's mischief]
  3174 | D:3      | 3174 ||| READING scroll labelled XIT OTARGHEWI.
  3175 | D:3      | 3175 ||| READING scroll labelled BILOPT ZUBOAMN.
  3176 | D:3      | 3176 ||| DRINKING 2 amethyst potions.
  3177 | D:3      | 3177 ||| READING 5 scrolls of identify.
  3177 | D:3      | 3177 ||| IDENTIFYING yellow potion
  3178 | D:3      | 3178 ||| DROPPING potion of attraction.
  3197 | D:4      | 3197 ||| PLANNING SEWER
  3260 | D:4      | Reached XP level 5. HP: 40/41 MP: 5/5
  3269 | D:4      | Identified the +1 leather armour of Untruth {rElec rF+}
  3285 | D:4      | XOM: summons 9 hostile demons
  3286 | D:4      | Noticed an orange demon
  3286 | D:4      | Noticed a hellwing
  3286 | D:4      | Noticed a hellwing
  3286 | D:4      | Noticed a chaos spawn
  3286 | D:4      | Noticed a ynoxinul
  3293 | D:4      | HP: 9/61 [ynoxinul/iron shot[Xom] (12)]
  3294 | D:4      | HP: 2/61 [hellwing[Xom] (5)]
  3295 | D:4      | Succumbed to an orange demon's poison

Levels and vault maps discovered:
D:1:      erik_arrival_cave_to_civilisation [erik_arrival_cave_to_hall],
          layout_basic, nicolae_titane
D:2:      minmay_kobold_bridge, layout_rooms, shapermc_ecumenical_altar_ellora
D:3:      kennysheep_six_static_rooms, layout_basic, lemuel_round_altar
D:4:      layout_loops_ring, vehumet_crystals, old_standard_altar,
          serial_forest, infiniplex_forest_lined_3_way,
          infiniplex_forest_clump_C, infiniplex_forest_join,
          infiniplex_forest_zigzag_1, infiniplex_forest_end_2,
          gup_sewer_entry_spiral

Skill      XL: |  1  2  3  4 |
---------------+-------------+-----
Axes           | 4 5 |  5.9
Shields        | 1 |  1.0
Fighting       | |  3.6
Armour         | |  2.4
Dodging        | |  1.1

Action                   |  1- 3 |  4- 6 || total
-------------------------+-------+-------++-------
Melee: Hand axe          |   109 |    24 ||   133
       Punch             |     3 |       ||     3
       War axe           |       |    78 ||    78
Invok: Renounce Religion |     1 |       ||     1
  Use: Scroll            |     4 |     7 ||    11
       Potion            |       |     2 ||     2
 Stab: Paralysed         |     2 |       ||     2
Armor: Leather armour    |    15 |       ||    15
       Chain mail        |    30 |    76 ||   106
Dodge: Dodged            |    36 |    30 ||    66
Block: Buckler           |       |    24 ||    24

Table legend:
 A = Non-vault XP
 B = Vault XP
 C = Vault XP percentage of total XP
 D = Non-vault monster count
 E = Vault monster count
 F = Vault count percentage of total count
                 A         B        C        D         E       F
            +---------+---------+-------+---------+---------+-------
      Total |     145 |      21 |  12.7 |      60 |      12 |  16.7
            +---------+---------+-------+---------+---------+-------
        D:1 |      39 |       3 |   7.1 |      21 |       2 |   8.7
        D:2 |      46 |       7 |  13.2 |      24 |       4 |  14.3
        D:3 |      56 |      11 |  16.4 |      13 |       6 |  31.6
        D:4 |       4 |       0 |   0.0 |       2 |       0 |   0.0
            +---------+---------+-------+---------+---------+-------
